 Dungeon Crawl Stone Soup version 0.29.0-4-gdea44cf6ec (webtiles) character file.

Game seed: 5774544695391109231

104 qw the Chopper (level 4, -4/26 HPs)
             Began as a Tengu Warper on Aug 28, 2022.
             Killed by nerve-wracking pain
             ... invoked by an orc priest
              (13 damage)
             ... on level 3 of the Dungeon.
             The game lasted 00:00:12 (2011 turns).

qw the Chopper (Tengu Warper)                       Turns: 2011, Time: 00:00:13

Health: -4/26      AC:  7    Str: 14    XL:     4   Next: 80%
Magic:  8/8        EV: 13    Int: 13    God:
Gold:   153        SH:  0    Dex: 13    Spells: 7/7 levels left

rFire   . . .      SeeInvis .   Y - +0 hand axe (vamp)
rCold   . . .      Faith    .   (no shield)
rNeg    . . .      Spirit   .   h - +0 scale mail
rPois   .          Reflect  .   (helmet restricted)
rElec   .          Harm     .   a - +0 cloak
rCorr   .          Rampage  .   (no gloves)
Will    .....                   (boots unavailable)
Stlth   ..........              (no amulet)
HPRegen 0.08/turn               l - +4 ring of evasion
MPRegen 0.11/turn               (no ring)

@: no status effects
A: beak, talons 3
a: no special abilities


You were on level 3 of the Dungeon.
You visited 1 branch of the dungeon, and saw 3 of its levels.

You collected 153 gold pieces.


Innate Abilities, Weirdness & Mutations

You have a beak for a mouth.
You have claws for feet.


   Skills:
 - Level 2.0 Fighting
 + Level 5.3 Axes
 - Level 1.0 Throwing
 - Level 1.1 Armour
 - Level 2.1 Dodging
 - Level 2.0 Spellcasting
 - Level 2.4 Translocations


You had 7 spell levels left.
You didn't know any spells.
Your spell library contained the following spells:

 Spells                   Type           Power      Damage    Failure   Level
 Blink                    Tloc           14%        N/A       54%         2
 Gell's Gravitas          Tloc           7%         N/A       77%         3
 Lesser Beckoning         Tloc           7%         N/A       77%         3
 Teleport Other           Tloc           7%         N/A       77%         3
 Manifold Assault         Tloc           7%         N/A       100%        5

Inventory:

Hand Weapons
 m - a +0 whip
 Y - a +0 vampiric hand axe (weapon)
Armour
 a - a +0 cloak (worn)
 h - a +0 scale mail (worn)
Jewellery
 g - a ring of fire
 l - a +4 ring of evasion (left hand)
Scrolls
 i - a scroll of identify
Potions
 b - a potion of haste {unknown}
 c - a potion of brilliance {unknown}
 d - a potion of heal wounds {unknown}
 e - a potion of cancellation
 f - a potion of attraction {unknown}
 j - a potion of might
 k - a potion of magic {unknown}

Dungeon Overview and Level Annotations

Branches:
Dungeon (3/15)

Altars:
Uskayaw

Annotations:
D:2 1 runed translucent door, Crazy Yiuf


Message History

The adder bites you. The goblin hits you but does no damage.
An orc priest comes into view. It is wielding a +0 hand axe.
You hit the adder.
You feel better.
You kill the adder!
You hit the goblin.
You feel better.
You kill the goblin!
The orc priest invokes the aid of Beogh against you.
Beogh smites you!
Ouch! That really hurt!
You hit the orc.
You feel better.
The orc is moderately wounded.
The orc closely misses you.
You hit the orc but do no damage. You peck the orc.
The orc is heavily wounded.
The orc hits you but does no damage.
You closely miss the orc. You hit the orc but do no damage.
Your kick misses the orc. You closely miss the orc.
You claw the orc, but do no damage.
The orc is heavily wounded.
You hit the orc.
You feel better.
You hit the orc. The orc barely misses you.
The orc hits you but does no damage. The orc closely misses you.
You closely miss the orc. You claw the orc.
You kill the orc!
You closely miss the orc. You hit the orc.
You feel better. The orc hits you with a +0 hand axe.
The orc barely misses you.
You barely miss the orc.
The orc is almost dead.
You closely miss the orc. You closely miss the orc priest.
The orc closely misses you.
The orc priest hits you with a +0 hand axe.
The orc barely misses you.
You closely miss the orc.
The orc is almost dead.
You hit the orc but do no damage. You closely miss the orc priest.
The orc misses you. The orc hits you with a +0 flail.
The orc priest calls down the wrath of Beogh upon you.
Pain shoots through your body!
Ouch! That really hurt!
You die...

.. ... .... #
###....
##.#####.......
.......<....!..
...............
......)>..####.
......o@.##
......oo.#
.........#
.........#
.........#
.....##...
..:.. ....
..... ##...


You could see an orc priest and 2 orcs.

Vanquished Creatures
  Natasha (D:3)
  2 adders
  A worm (D:1)
  2 dart slugs (D:1)
  2 orcs (D:3)
  2 ball pythons
  6 endoplasms (D:1)
  5 giant cockroaches
  3 goblins
  6 hobgoblins
  3 jackals
  3 kobolds (D:1)
  3 quokkas
  2 bats (D:1)
  2 frilled lizards (D:1)
  4 rats
47 creatures vanquished.

Vanquished Creatures (others)
  A demonic plant (D:1)
  3 fungi (D:1)
  A withered plant (D:1)
5 creatures vanquished.

Grand Total: 52 creatures vanquished

Notes
Turn   | Place    | Note
-------+----------+-------------------------------------------
     0 | D:1      | qw the Tengu Warper began the quest for the Orb.
     0 | D:1      | Reached XP level 1. HP: 12/12 MP: 4/4
     0 | D:1      | 0 ||| qw: Version: 0.1-a-89-g26bdef1
     0 | D:1      | 0 ||| qw: Game counter: 3361
     0 | D:1      | 0 ||| qw: Always use a shield: true
     0 | D:1      | 0 ||| qw: God list: Okawaru
     0 | D:1      | 0 ||| qw: Allow faded altars: false
     0 | D:1      | 0 ||| qw: Do Orc after D:15 true
     0 | D:1      | 0 ||| qw: Do second Lair branch before Depths: true
     0 | D:1      | 0 ||| qw: Lair rune preference: random
     0 | D:1      | 0 ||| qw: Plans: Normal
     0 | D:1      | 0 ||| PLANNING D:1-11
   305 | D:1      | 305 ||| Stepping ~*~*~tactically~*~*~ (hiding).
   308 | D:1      | 308 ||| Stepping ~*~*~tactically~*~*~ (hiding).
   318 | D:1      | Reached skill level 3 in Axes
   318 | D:1      | Reached XP level 2. HP: 11/17 MP: 6/6
   520 | D:1      | Found a faded altar of an unknown god.
   526 | D:1      | 526 ||| Stepping ~*~*~tactically~*~*~ (stealth).
   528 | D:1      | 528 ||| Stepping ~*~*~tactically~*~*~ (stealth).
   626 | D:1      | 626 ||| Stepping ~*~*~tactically~*~*~ (stealth).
   890 | D:1      | 890 ||| Stepping ~*~*~tactically~*~*~ (stealth).
   894 | D:1      | Reached XP level 3. HP: 21/21 MP: 7/7
   895 | D:1      | 895 ||| Stepping ~*~*~tactically~*~*~ (stealth).
   897 | D:1      | 897 ||| Stepping ~*~*~tactically~*~*~ (stealth).
  1086 | D:1      | 1086 ||| Stepping ~*~*~tactically~*~*~ (stealth).
  1088 | D:1      | 1088 ||| Stepping ~*~*~tactically~*~*~ (stealth).
  1094 | D:1      | 1094 ||| Stepping ~*~*~tactically~*~*~ (stealth).
  1097 | D:1      | Reached skill level 4 in Axes
  1097 | D:1      | 1097 ||| Stepping ~*~*~tactically~*~*~ (stealth).
  1179 | D:1      | 1179 ||| UPGRADING to +0 scale mail.
  1189 | D:1      | 1189 ||| DROPPING +0 leather armour.
  1190 | D:1      | 1190 ||| UPGRADING to +4 ring of evasion.
  1191 | D:1      | 1191 ||| READING scroll labelled FEK LURHUCRA.
  1192 | D:1      | 1192 ||| READING scroll labelled NYAGGO OLAHACK.
  1193 | D:1      | 1193 ||| READING scroll labelled ERRAUM LAXKEDE.
  1194 | D:1      | 1194 ||| DROPPING scroll of blinking.
  1213 | D:2      | 1213 ||| STAIRDANCE
  1370 | D:2      | 1370 ||| STAIRDANCE
  1447 | D:1      | 1447 ||| UPGRADING to +0 cloak.
  1454 | D:2      | 1454 ||| STAIRDANCE
  1458 | D:1      | Reached XP level 4. HP: 15/26 MP: 8/8
  1585 | D:1      | 1585 ||| READING scroll labelled DAMUR ZAMINI.
  1696 | D:2      | Found a hide-covered altar of Uskayaw.
  1748 | D:2      | 1748 ||| DROPPING +0 club.
  1833 | D:2      | Found a runed translucent door.
  1834 | D:2      | Noticed Crazy Yiuf
  1946 | D:2      | 1946 ||| READING scroll labelled ANKITO ILIARUE.
  1947 | D:2      | 1947 ||| DRINKING 2 green potions.
  1948 | D:2      | 1948 ||| DRINKING 2 puce potions.
  1984 | D:3      | Noticed Natasha
  1989 | D:3      | Killed Natasha
  1990 | D:3      | Reached skill level 5 in Axes
  2011 | D:3      | Killed from afar by an orc priest

Levels and vault maps discovered:
D:1:      lemuel_arrival_broad_hall, layout_basic, serial_curves,
          eino_curves_02, eino_curves_01, shapermc_ecumenical_altar_gd
D:2:      layout_rooms, basic_altar, uniq_crazy_yiuf_cottage
D:3:      layout_rooms, nemelex_altar_shiori, hangedman_abyss_or_decor_stabs,
          uniq_terence, uniq_natasha

Skill      XL: |  1  2  3  4 |
---------------+-------------+-----
Axes           | 3 4 5 |  5.3
Fighting       | |  2.0
Throwing       | |  1.0
Armour         | |  1.1
Dodging        | |  2.1
Spellcasting   | |  2.0
Translocations | |  2.4

Action                   |  1- 3 |  4- 6 || total
-------------------------+-------+-------++-------
Melee: Hand axe          |    71 |    28 ||    99
       Peck              |    12 |     6 ||    18
       Kick              |    17 |     3 ||    20
Throw: Boomerang         |     7 |       ||     7
  Use: Scroll            |     3 |     2 ||     5
       Potion            |       |     2 ||     2
Armor: Leather armour    |     5 |       ||     5
       Scale mail        |     3 |    10 ||    13
Dodge: Dodged            |    41 |    16 ||    57

Table legend:
 A = Non-vault XP
 B = Vault XP
 C = Vault XP percentage of total XP
 D = Non-vault monster count
 E = Vault monster count
 F = Vault count percentage of total count
                 A         B        C        D         E       F
            +---------+---------+-------+---------+---------+-------
      Total |     114 |      35 |  23.5 |      46 |       1 |   2.1
            +---------+---------+-------+---------+---------+-------
        D:1 |      63 |       0 |   0.0 |      32 |       0 |   0.0
        D:2 |      28 |       0 |   0.0 |       9 |       0 |   0.0
        D:3 |      23 |      35 |  60.3 |       5 |       1 |  16.7
            +---------+---------+-------+---------+---------+-------
